 Dungeon Crawl Stone Soup version 0.30-a0-42-g806c11bf1d (webtiles) character file.

Game seed: 5744290346668466753

289 IdlyInterested the Slasher (level 6, -6/47 HPs)
             Began as a Demonspawn Gladiator on Aug 30, 2022.
             Splashed by a jelly's acid (9 damage)
             ... in a sewer.
             The game lasted 00:09:21 (3483 turns).

IdlyInterested the Slasher (Demonspawn Gladiator)   Turns: 3483, Time: 00:09:21

Health: -6/47      AC: -6    Str: 14    XL:     6   Next: 9%
Magic:  6/6        EV: 13    Int:  9    God:
Gold:   163        SH:  0    Dex: 17    Spells: 5/5 levels left

rFire   . . .      SeeInvis .    g - +2 short sword (flame)
rCold   . . .      Faith    .    (no shield)
rNeg    . . .      Spirit   .    b - +0 leather armour
rPois   .          Reflect  .    c - +0 helmet
rElec   .          Harm     .    (no cloak)
rCorr   .          Rampage  .    (no gloves)
Will    .....                    n - +0 pair of boots
Stlth   ++........               f - amulet of magic regeneration
HPRegen 0.15/turn                (no ring)
MPRegen 0.60/turn                (no ring)

@: corroded
A: magic regeneration, sturdy frame 2, demonic magic 1
a: no special abilities


You were in a sewer.
You visited 1 branch of the dungeon, and saw 4 of its levels.
You also visited: Sewer.

You collected 163 gold pieces.

Inventory:

Hand Weapons
 a - a +1 long sword
 g - a +2 short sword of flaming (weapon)
 j - a +2 short sword of draining
Missiles
 d - 3 throwing nets (quivered)
 e - a javelin
 s - 3 datura-tipped darts
Armour
 b - a +0 leather armour (worn)
 c - a +0 helmet (worn)
 n - a +0 pair of boots (worn)
Jewellery
 f - an amulet of magic regeneration (around neck)
Scrolls
 h - 2 scrolls of fog
 m - 2 scrolls of teleportation
 p - a scroll of enchant weapon
Potions
 i - 2 potions of curing
 k - a potion of heal wounds {unknown}
 l - a potion of flight {unknown}
 o - a potion of resistance {unknown}
 q - a potion of might {unknown}
 r - a potion of haste {unknown}
 t - a potion of cancellation {unknown}
 u - a potion of brilliance {unknown}
 w - a potion of magic {unknown}


   Skills:
 + Level 3.3 Fighting
 * Level 4.4 Long Blades
 - Level 1.7 Throwing
 * Level 2.8 Armour
 - Level 2.6 Dodging
 - Level 1.0 Stealth
 - Level 1.0 Evocations


You had 5 spell levels left.
You didn't know any spells.
Your spell library contained the following spells:

 Spells                   Type           Power      Damage    Failure   Level
 Ensorcelled Hibernation  Hex/Ice        0%         N/A       52%         2
 Spider Form              Tmut/Pois      0%         N/A       77%         3
 Anguish                  Hex/Necr       0%         N/A       99%         4


Dungeon Overview and Level Annotations

Branches:
Dungeon (4/15)              Sewer (1/1)
 Temple: D:4-7

Altars:
Dithmenos
Qazlal


Innate Abilities, Weirdness & Mutations

You regenerate magic rapidly.
Your movements are less encumbered by armour. (ER -4)
Spells you cast may paralyse adjacent enemies.


Message History

The adder is heavily wounded.
The adder barely misses you.
You hit the adder. You burn the adder.
The adder is almost dead.
The adder bites you.
You closely miss the adder.
The adder is almost dead.
The adder closely misses you. x2
You hit the adder. You burn the adder.
You kill the adder!
The frilled lizard bites you but does no damage.
You barely miss the frilled lizard.
The frilled lizard bites you but does no damage.
You hit the frilled lizard. You burn the frilled lizard.
You kill the frilled lizard!
You hit the jelly. You burn the jelly.
Your hands burn!
The jelly is lightly wounded.
The jelly hits you. The acid corrodes you!
You are splashed with acid!
You hit the jelly but do no damage. The acid corrodes you!
Your hands burn!
The jelly is lightly wounded.
The jelly hits you.
You are splashed with acid!
You barely miss the jelly.
The jelly is lightly wounded.
The jelly hits you. The acid corrodes you!
You are splashed with acid!
* * * LOW HITPOINT WARNING * * *
You feel better. The jelly hits you.
* * * LOW HITPOINT WARNING * * *
The acid corrodes you!
You are splashed with acid!
* * * LOW HITPOINT WARNING * * *
You feel better. The jelly hits you.
* * * LOW HITPOINT WARNING * * *
You are splashed with acid.
* * * LOW HITPOINT WARNING * * *
Okay, then.
As you read the scroll labelled XAMOUPS GEDOMNI, it crumbles to dust.
You feel aware of your surroundings.
It was a scroll of magic mapping.
The jelly hits you.
* * * LOW HITPOINT WARNING * * *
You are splashed with acid!
You die...

...~...#**,~,*#.....~~~~##
#####~.#*..~##.~.#~.~.~~~##
#.~#*~.##.~.##.~~##.~.#
#..#*~.~~~~##~~~~~##.~##
#####..#*#~.~~~#!.~#~.##..~##
.~~~...# ####~~##.##..##....#
.~..~.~# #~..###..~###~~.#
######## #~~J~~~.∩###~~~.#
*#~~@.~~#* #...## ##.~####
##~~## #~.## ##.~.#
#~~~####~..## ##~~~..~.~##
##~.~..~.# #~.~.#### #†.~~#
##...#


You could see a jelly.

Vanquished Creatures
  A bullfrog (D:4)
  A jelly (Sewer)
  A hound (D:4)
  2 river rats (Sewer)
  6 adders
  2 worms
  3 bats
  17 endoplasms
  10 giant cockroaches
  6 goblins
  5 hobgoblins
  4 jackals (D:1)
  4 quokkas
  8 ball pythons
  8 frilled lizards
  7 kobolds
  7 rats
92 creatures vanquished.

Notes
Turn   | Place    | Note
-------+----------+-------------------------------------------
     0 | D:1      | IdlyInterested the Demonspawn Gladiator began the quest for
                  | the Orb.
     0 | D:1      | Reached XP level 1. HP: 16/16 MP: 1/1
     0 | D:1      | Noticed an octopode
     2 | D:1      | Noticed a vampire
     4 | D:1      | Noticed a ghoul
     4 | D:1      | Noticed a draconian
     6 | D:1      | Noticed a minotaur
     8 | D:1      | Noticed a vine stalker
     9 | D:1      | Noticed a spriggan
    11 | D:1      | Noticed a spriggan
    13 | D:1      | Noticed a minotaur
    15 | D:1      | Noticed a barachi
    15 | D:1      | Noticed an octopode
    17 | D:1      | Noticed a barachi
    17 | D:1      | Noticed a vampire
    19 | D:1      | Noticed a demonspawn
   307 | D:1      | Gained mutation: Your movements are slightly less
                  | encumbered by armour. (ER -2) [demonic ancestry]
   307 | D:1      | Reached XP level 2. HP: 21/22 MP: 2/2
   338 | D:1      | Reached skill level 3 in Long Blades
   338 | D:1      | Reached skill level 1 in Armour
   711 | D:1      | Gained mutation: Your movements are less encumbered by
                  | armour. (ER -4) [demonic ancestry]
   711 | D:1      | Reached XP level 3. HP: 28/28 MP: 3/3
  1323 | D:2      | Reached skill level 1 in Stealth
  1938 | D:2      | Reached skill level 1 in Evocations
  2191 | D:3      | Gained mutation: You regenerate magic rapidly. [demonic
                  | ancestry]
  2191 | D:3      | Reached XP level 4. HP: 34/34 MP: 4/4
  2513 | D:3      | Found a shadowy altar of Dithmenos.
  2820 | D:4      | Found a stormy altar of Qazlal.
  2828 | D:4      | Noticed a bullfrog
  2846 | D:4      | Killed a bullfrog
  2847 | D:4      | Reached skill level 4 in Long Blades
  2847 | D:4      | Reached XP level 5. HP: 15/41 MP: 5/5
  2918 | D:4      | Found a glowing drain.
  2927 | Sewer    | Entered a sewer
  3447 | Sewer    | Found a viscous altar of Jiyva.
  3454 | Sewer    | Gained mutation: Spells you cast may paralyse adjacent
                  | enemies. [demonic ancestry]
  3454 | Sewer    | Reached XP level 6. HP: 42/47 MP: 6/6
  3483 | Sewer    | Splashed by a jelly's acid

Illustrated notes

Levels and vault maps discovered:
D:1:      shiori_arrival_whats_in_store_for_you, layout_basic
D:2:      layout_loops_ring, amcnicky_mini_pool_small
D:3:      layout_basic, mainiacjoe_overflow_tiny_flanked, st_stairs_11
D:4:      layout_basic, old_standard_altar, grunt_qazlal_sundering,
          mainiacjoe_overflow_paths, cheibrodos_sewer_entry_drain
Sewer:    sewer_hellmonk_slimy_pipes

Skill      XL: |  1  2  3  4 |
---------------+-------------+-----
Long Blades    | 3 4 |  4.4
Armour         | 1 2 |  2.8
Stealth        | 1 |  1.0
Evocations     | 1 |  1.0
Fighting       | 3 |  3.3
Throwing       | |  1.7
Dodging        | |  2.6

Action                   |  1- 3 |  4- 6 || total
-------------------------+-------+-------++-------
Melee: Long sword        |    13 |       ||    13
       Short sword       |   110 |   135 ||   245
       Punch             |       |     2 ||     2
  Use: Scroll            |     6 |     1 ||     7
       Potion            |       |     3 ||     3
 Stab: Sleeping          |     4 |     5 ||     9
Armor: Leather armour    |    33 |    31 ||    64
Dodge: Dodged            |    77 |   102 ||   179

Table legend: (Time is in decaauts)
 A = Elapsed time spent in this place.
 B = Non-inter-level travel time spent in this place.
 C = Inter-level travel time spent in this place.
 D = Time resting spent in this place.
 E = Time spent auto-exploring this place.
 F = Levels seen in this place.
 G = Mean time per level.
                   A        B        C        D        E       F      G
               +--------+--------+--------+--------+--------+-----+--------+
         Total |   3504 |   3265 |    239 |    719 |   1617 |   5 |  700.8 |
       Dungeon |   2932 |   2693 |    239 |    348 |   1617 |   4 |  733.0 |
         Sewer |    572 |    572 |      0 |    371 |      0 |   1 |  572.0 |
               +--------+--------+--------+--------+--------+-----+--------+

Top non-repeatable levels by time:
     D:1: 1203 daAuts
     D:2: 865 daAuts
     D:3: 733 daAuts
   Sewer: 572 daAuts
     D:4: 131 daAuts
